BR (22 & UNDER)
PITTSBURGH KILLA BEEZ @ QUINCY DOUGHBOYS
07/20/2029
 
TOP OF THE 1ST
Pittsburgh Killa Beez batting - Pitching for Quincy Doughboys : RHP Juan Díaz
Pitching: RHP Juan Díaz
Batting: RHB Víctor Ochoa 0-0: Ball
1-0: Fly out, F8 (Flyball, 8RM)
Batting: LHB Travis Jefferson 0-0: Ball
1-0: Fly out, F6 (Flyball, 6MD)
Batting: RHB Tommy Smith 0-0: Ball
1-0: Called Strike
1-1: Swinging Strike
1-2: Ball
2-2: Ball
3-2: Fly out, F3 (Popup, 34)
Top of the 1st over - 0 runs, 0 hits, 0 errors, 0 left on base; Pittsburgh 0 - Quincy 0
BOTTOM OF THE 1ST
Quincy Doughboys batting - Pitching for Pittsburgh Killa Beez : RHP Takuya Hayashi
Pitching: RHP Takuya Hayashi
Batting: LHB Esteban Pérez 0-0: Fly out, F9 (Flyball, 9)
Batting: RHB Louis Miller 0-0: Ball
1-0: Foul Ball, location: 2F
1-1: Foul Ball, location: 2F
1-2: Ball
2-2: Ball
3-2: SOLO HOME RUN (Flyball, 9D), Distance : 381 ft
Batting: SHB Gonzalo López 0-0: Ground out 4-3 (Groundball, 34)
Batting: LHB Buddy Jones 0-0: Swinging Strike
0-1: Foul Ball, location: 2F
0-2: Foul Ball, location: 2F
0-2: Ball
1-2: Ball
2-2: Foul Ball, location: 2F
2-2: Fly out, F4 (Popup, 34D)
Bottom of the 1st over - 1 run, 1 hit, 0 errors, 0 left on base; Pittsburgh 0 - Quincy 1
TOP OF THE 2ND
Pittsburgh Killa Beez batting - Pitching for Quincy Doughboys : RHP Juan Díaz
Batting: RHB Darrell Krieger 0-0: Fly out, F7 (Flyball, 7LD)
Batting: RHB Javier Pérez 0-0: Called Strike
0-1: SINGLE (Line Drive, 4M)
Batting: LHB Argaw Mwita 0-0: Ball
1-0: Fly out, F7 (Flyball, 7LS)
Batting: LHB Brian Lawson 0-0: Ball
1-0: Foul Ball, location: 2F
1-1: Ball
2-1: Fly out, F6 (Popup, 6S)
Top of the 2nd over - 0 runs, 1 hit, 0 errors, 1 left on base; Pittsburgh 0 - Quincy 1
BOTTOM OF THE 2ND
Quincy Doughboys batting - Pitching for Pittsburgh Killa Beez : RHP Takuya Hayashi
Batting: RHB Melvin Matthews 0-0: SINGLE (Groundball, 34D)
Batting: RHB Henry Rose 0-0: Ball
1-0: Ball
2-0: Ball
3-0: Base on Balls
Melvin Matthews to second
Batting: RHB Ben Martin 0-0: Called Strike
0-1: Ball
1-1: SINGLE (Groundball, 6MD)
Melvin Matthews to third
Henry Rose to second
Batting: RHB Luis Díaz 0-0: Ball
1-0: SINGLE (Line Drive, 8LS)
Melvin Matthews scores
Henry Rose to third
Ben Martin to second
Runner from 3rd tries for Home, SAFE, no throw
Batting: RHB Ramiro Villescaz 0-0: Called Strike
0-1: Foul Ball, location: 2F
0-2: SINGLE (Line Drive, 34)
Ben Martin to third
Luis Díaz to second
Runner from 3rd tries for Home, SAFE, no throw
Batting: LHB Esteban Pérez 0-0: Grounds into double play, 4-6-3 (Groundball, 4)
Luis Díaz to third
Batting: RHB Louis Miller 0-0: Called Strike
0-1: Ball
1-1: Foul Ball, location: 2F
1-2: Ground out 6-3 (Groundball, 6)
Bottom of the 2nd over - 3 runs, 4 hits, 0 errors, 1 left on base; Pittsburgh 0 - Quincy 4
TOP OF THE 3RD
Pittsburgh Killa Beez batting - Pitching for Quincy Doughboys : RHP Juan Díaz
Batting: SHB Manuel Cabrera 0-0: Called Strike
0-1: Foul Ball, location: 2F
0-2: Ball
1-2: Ball
2-2: Strikes out swinging
Batting: RHB Alonso Sacco 0-0: Foul Ball, location: 2F
0-1: Foul Ball, location: 2F
0-2: Ball
1-2: Ball
2-2: Ball
3-2: Strikes out swinging
Batting: RHB Víctor Ochoa 0-0: Fly out, F8 (Flyball, 8LM)
Top of the 3rd over - 0 runs, 0 hits, 0 errors, 0 left on base; Pittsburgh 0 - Quincy 4
BOTTOM OF THE 3RD
Quincy Doughboys batting - Pitching for Pittsburgh Killa Beez : RHP Takuya Hayashi
Batting: SHB Gonzalo López 0-0: Called Strike
0-1: Ball
1-1: Ball
2-1: Ground out 6-3 (Groundball, 6)
Batting: LHB Buddy Jones 0-0: Ball
1-0: Ball
2-0: Called Strike
2-1: Ball
3-1: Foul Ball, location: 2F
3-2: Foul Ball, location: 2F
3-2: Foul Ball, location: 2F
3-2: SOLO HOME RUN (Flyball, 89XD), Distance : 403 ft
Batting: RHB Melvin Matthews 0-0: Called Strike
0-1: Ball
1-1: Ball
2-1: Foul Ball, location: 2F
2-2: Foul Ball, location: 2F
2-2: Strikes out looking
Batting: RHB Henry Rose 0-0: Swinging Strike
0-1: SINGLE (Flyball, 7LS)
Batting: RHB Ben Martin 0-0: SINGLE (Groundball, 25) (infield hit)
Henry Rose to second
Batting: RHB Luis Díaz 0-0: Fly out, F3 (Popup, 23F)
Bottom of the 3rd over - 1 run, 3 hits, 0 errors, 2 left on base; Pittsburgh 0 - Quincy 5
TOP OF THE 4TH
Pittsburgh Killa Beez batting - Pitching for Quincy Doughboys : RHP Juan Díaz
Batting: LHB Travis Jefferson 0-0: Fly out, F8 (Flyball, 78M)
Batting: RHB Tommy Smith 0-0: Ball
1-0: Foul Ball, location: 2F
1-1: DOUBLE (Line Drive, 8LXD)
Batting: RHB Darrell Krieger 0-0: Ball
1-0: Foul Ball, location: 2F
1-1: Swinging Strike
1-2: Strikes out swinging
Batting: RHB Javier Pérez 0-0: Called Strike
0-1: SINGLE (Flyball, 9S)
Tommy Smith to third
Batting: LHB Argaw Mwita 0-0: Ball
Pickoff Throw to First - Error! E1
Tommy Smith scores
Javier Pérez to second
1-0: Ball
2-0: SINGLE (Line Drive, 6D)
Javier Pérez to third
Runner from 3rd tries for Home, SAFE, no throw
Batting: LHB Brian Lawson 0-0: Ball
1-0: Ball
2-0: Fly out, F8 (Flyball, 89D)
Top of the 4th over - 2 runs, 3 hits, 1 error, 1 left on base; Pittsburgh 2 - Quincy 5
BOTTOM OF THE 4TH
Quincy Doughboys batting - Pitching for Pittsburgh Killa Beez : RHP Takuya Hayashi
Batting: RHB Ramiro Villescaz 0-0: SINGLE (Groundball, 25) (infield hit)
Batting: LHB Esteban Pérez 0-0: Ball
1-0: Ball
2-0: Ball
3-0: Base on Balls
Ramiro Villescaz to second
Batting: RHB Louis Miller 0-0: Ball
1-0: Called Strike
1-1: Swinging Strike
1-2: Ball
2-2: Strikes out swinging
Batting: SHB Gonzalo López 0-0: Ball
1-0: Foul Ball, location: 2F
1-1: Ball
Ramiro Villescaz steals 3rd base
2-1: Called Strike
2-2: Ground out U3 (Groundball, 34)
Ramiro Villescaz scores
Esteban Pérez to second
Batting: LHB Buddy Jones 0-0: Ball
1-0: Called Strike
1-1: Ball
2-1: Ball
3-1: Base on Balls
Batting: RHB Melvin Matthews 0-0: Ball
1-0: Ball
Wild Pitch!
Esteban Pérez to third
Buddy Jones to second
2-0: 3-RUN HOME RUN (Line Drive, 89XD), Distance : 415 ft
Batting: RHB Henry Rose 0-0: Swinging Strike
0-1: Fly out, F5 (Popup, 5SF)
Bottom of the 4th over - 4 runs, 2 hits, 0 errors, 0 left on base; Pittsburgh 2 - Quincy 9
TOP OF THE 5TH
Pittsburgh Killa Beez batting - Pitching for Quincy Doughboys : RHP Juan Díaz
Batting: SHB Manuel Cabrera 0-0: Called Strike
0-1: Called Strike
0-2: Strikes out swinging
Batting: RHB Alonso Sacco 0-0: Called Strike
0-1: Fly out, F9 (Flyball, 89D)
Batting: RHB Víctor Ochoa 0-0: Foul Ball, location: 2F
0-1: Called Strike
0-2: Ball
1-2: Foul Ball, location: 2F
1-2: Ball
2-2: SINGLE (Line Drive, 3D)
Batting: LHB Travis Jefferson 0-0: Ground out U3 (Groundball, 34S)
Top of the 5th over - 0 runs, 1 hit, 0 errors, 1 left on base; Pittsburgh 2 - Quincy 9
BOTTOM OF THE 5TH
Quincy Doughboys batting - Pitching for Pittsburgh Killa Beez : RHP Takuya Hayashi
Batting: RHB Ben Martin 0-0: Ball
1-0: SINGLE (Flyball, 9LS)
Batting: RHB Luis Díaz 0-0: Ball
1-0: Fielders Choice at 2nd, 6-4 (Groundball, 6M)
Batting: RHB Ramiro Villescaz 0-0: Swinging Strike
0-1: Called Strike
0-2: Ball
1-2: Foul Ball, location: 2F
1-2: Foul Ball, location: 2F
1-2: Ball
2-2: Ball
3-2: Foul Ball, location: 2F
3-2: Foul Ball, location: 2F
3-2: Strikes out looking
Batting: LHB Esteban Pérez 0-0: Ball
1-0: SINGLE (Groundball, 25) (infield hit)
Luis Díaz to second
Batting: RHB Louis Miller 0-0: Called Strike
0-1: DOUBLE (Flyball, 78XD)
Luis Díaz scores
Esteban Pérez to third
Runner from 3rd tries for Home, SAFE, no throw
Batting: SHB Gonzalo López 0-0: Ground out U3 (Groundball, 34S)
Bottom of the 5th over - 2 runs, 3 hits, 0 errors, 1 left on base; Pittsburgh 2 - Quincy 11
TOP OF THE 6TH
Pittsburgh Killa Beez batting - Pitching for Quincy Doughboys : RHP Juan Díaz
Batting: RHB Tommy Smith 0-0: Ball
1-0: Ball
2-0: Fly out, F7 (Line Drive, 7)
Batting: RHB Darrell Krieger 0-0: Ball
1-0: Ball
2-0: Swinging Strike
2-1: Foul Ball, location: 2F
2-2: Strikes out swinging
Batting: RHB Javier Pérez 0-0: Ball
1-0: Swinging Strike
1-1: Fly out, F4 (Popup, 23)
Top of the 6th over - 0 runs, 0 hits, 0 errors, 0 left on base; Pittsburgh 2 - Quincy 11
BOTTOM OF THE 6TH
Quincy Doughboys batting - Pitching for Pittsburgh Killa Beez : RHP Takuya Hayashi
Batting: LHB Buddy Jones 0-0: Called Strike
0-1: Foul Ball, location: 2F
0-2: Ground out 4-3 (Groundball, 4)
Batting: RHB Melvin Matthews 0-0: Called Strike
0-1: Called Strike
0-2: Ball
1-2: Foul Ball, location: 2F
1-2: SOLO HOME RUN (Line Drive, 7D), Distance : 421 ft
Batting: RHB Henry Rose 0-0: Ball
1-0: Called Strike
1-1: Foul Ball, location: 2F
1-2: Ball
2-2: Strikes out swinging
Batting: RHB Ben Martin 0-0: Called Strike
0-1: Swinging Strike
0-2: Ball
1-2: Strikes out swinging
Bottom of the 6th over - 1 run, 1 hit, 0 errors, 0 left on base; Pittsburgh 2 - Quincy 12
TOP OF THE 7TH
Pittsburgh Killa Beez batting - Pitching for Quincy Doughboys : RHP Juan Díaz
Now at 2B: Pedro Rivas
Now at SS: Miguel Martínez
Batting: LHB Argaw Mwita 0-0: Called Strike
0-1: Ball
1-1: Fly out, F8 (Flyball, 8LS)
Batting: LHB Brian Lawson 0-0: Called Strike
0-1: Foul Ball, location: 2F
0-2: Ball
1-2: Ball
2-2: Ball
3-2: Foul Ball, location: 2F
3-2: Fly out, F6 (Popup, 6M)
Batting: SHB Manuel Cabrera 0-0: SINGLE (Groundball, 6M) (infield hit)
Batting: RHB Alonso Sacco 0-0: Foul Ball, location: 2F
0-1: Foul Ball, location: 2F
0-2: Foul Ball, location: 2F
0-2: Ball
1-2: Strikes out looking
Top of the 7th over - 0 runs, 1 hit, 0 errors, 1 left on base; Pittsburgh 2 - Quincy 12
BOTTOM OF THE 7TH
Quincy Doughboys batting - Pitching for Pittsburgh Killa Beez : RHP Takuya Hayashi
Batting: RHB Luis Díaz 0-0: Ball
1-0: Ball
2-0: Ball
3-0: SINGLE (Flyball, 89S)
Pitching: LHP Santiago Arredondo
Batting: RHB Ramiro Villescaz 0-0: Fly out, F7 (Flyball, 7)
Batting: LHB Esteban Pérez 0-0: Swinging Strike
0-1: Ball
1-1: Swinging Strike
1-2: Ball
2-2: Foul Ball, location: 2F
2-2: Strikes out swinging
Batting: RHB Louis Miller 0-0: Called Strike
0-1: SINGLE (Groundball, 6MD)
Luis Díaz to second
Batting: SHB Gonzalo López 0-0: Fly out, F8 (Flyball, 8RXD)
Bottom of the 7th over - 0 runs, 2 hits, 0 errors, 2 left on base; Pittsburgh 2 - Quincy 12
TOP OF THE 8TH
Pittsburgh Killa Beez batting - Pitching for Quincy Doughboys : RHP Juan Díaz
Now in CF: Tomás Gonzáles
Batting: RHB Víctor Ochoa 0-0: Called Strike
0-1: Foul Ball, location: 2F
0-2: Strikes out swinging
Batting: LHB Travis Jefferson 0-0: Ball
1-0: Called Strike
1-1: Ball
2-1: Foul Ball, location: 2F
2-2: Strikes out swinging
Batting: RHB Tommy Smith 0-0: Called Strike
0-1: Swinging Strike
0-2: Ground out 6-3 (Groundball, 6M)
Top of the 8th over - 0 runs, 0 hits, 0 errors, 0 left on base; Pittsburgh 2 - Quincy 12
BOTTOM OF THE 8TH
Quincy Doughboys batting - Pitching for Pittsburgh Killa Beez : LHP Santiago Arredondo
Batting: LHB Buddy Jones 0-0: Called Strike
0-1: Called Strike
0-2: SINGLE (Groundball, 34D)
Batting: RHB Melvin Matthews 0-0: Ball
1-0: Foul Ball, location: 2F
1-1: Ball
2-1: Ball
3-1: Foul Ball, location: 2F
3-2: Foul Ball, location: 2F
3-2: Base on Balls
Buddy Jones to second
Batting: RHB Pedro Rivas 0-0: Called Strike
0-1: Ball
1-1: Ball
2-1: Foul Ball, location: 2F
2-2: Strikes out swinging
Batting: RHB Miguel Martínez 0-0: Called Strike
0-1: Ball
1-1: Ground out 6-3 (Groundball, 6S)
Buddy Jones to third
Melvin Matthews to second
Batting: RHB Luis Díaz 0-0: Hit by Pitch
Batting: RHB Ramiro Villescaz 0-0: Ball
1-0: Foul Ball, location: 2F
1-1: TRIPLE (Line Drive, 78D)
Buddy Jones scores
Melvin Matthews scores
Luis Díaz scores
Batting: LHB Tomás Gonzáles 0-0: Ball
1-0: Fly out, F9 (Flyball, 89D)
Bottom of the 8th over - 3 runs, 2 hits, 0 errors, 1 left on base; Pittsburgh 2 - Quincy 15
TOP OF THE 9TH
Pittsburgh Killa Beez batting - Pitching for Quincy Doughboys : RHP Juan Díaz
Batting: RHB Darrell Krieger 0-0: Swinging Strike
0-1: Called Strike
0-2: Foul Ball, location: 2F
0-2: Foul Ball, location: 2F
0-2: Strikes out swinging
Batting: RHB Javier Pérez 0-0: Ball
1-0: SINGLE (Flyball, 9LS)
Batting: LHB Argaw Mwita 0-0: Swinging Strike
0-1: Ball
1-1: Ball
2-1: Foul Ball, location: 2F
2-2: Grounds into double play, 6-4-3 (Groundball, 6)
Top of the 9th over - 0 runs, 1 hit, 0 errors, 0 left on base; Pittsburgh 2 - Quincy 15
Saturday, December 16th, 2017 - OOTP Baseball 18.8 Build 76